 Dungeon Crawl Stone Soup version 0.20.1-1-g8b1a95d (webtiles) character file.

2286 Irenicus the Martial Artist (level 9, -3/70 HPs)
             Began as a Deep Dwarf Transmuter on Oct 20, 2017.
             Was a Follower of Makhleb.
             Slain by a wyvern zombie (13 damage)
             ... on level 6 of the Dungeon.
             The game lasted 00:21:51 (5228 turns).

Irenicus the Martial Artist (Deep Dwarf Transmuter) Turns: 5228, Time: 00:21:51

Health: -3/70      AC:  2    Str: 14    XL:     9   Next: 17%
Magic:  5/11       EV: 20    Int: 14    God:    Makhleb [*.....]
Gold:   269        SH:  0    Dex: 21    Spells: 8/14 levels left

rFire    . . .     SeeInvis .     - Unarmed
rCold    . . .     Gourm    .   (shield currently unavailable)
rNeg     . . .     Faith    .   (armour currently unavailable)
rPois    x         Spirit   .   (helmet currently unavailable)
rElec    .         Reflect  .   (cloak currently unavailable)
rCorr    .         Harm     .   (gloves currently unavailable)
MR       +....                  (boots currently unavailable)
Stlth    ++........             (no amulet)
Regen    0.0/turn               (no ring)
MPRegen  0.2/turn               (no ring)

@: spider-form, very slightly contaminated, non-regenerating
A: damage resistance, heal wounds, deterioration 1, sense surroundings 2, no
regeneration
a: Heal Wounds, End Transformation, Renounce Religion


You were on level 6 of the Dungeon.
You worshipped Makhleb.
Makhleb was aware of your devotion.
You were not hungry.
You were a venomous arachnid creature.
You visited 2 branches of the dungeon, and saw 7 of its levels.
You also visited: Sewer.

You collected 269 gold pieces.

Inventory:

Missiles
 a - 144 arrows
Armour
 o - a +0 buckler
 q - a +0 leather armour
 x - a +1 leather armour of cold resistance (melded)
Wands
 t - a wand of iceblast (7/15)
 y - a wand of digging (11/24)
Scrolls
 e - 2 scrolls of enchant weapon {unknown}
 g - 5 scrolls of teleportation {unknown}
 h - 2 scrolls of magic mapping {unknown}
 i - 5 scrolls of identify {unknown}
 l - 3 scrolls of enchant armour {unknown}
 m - a scroll of fog {unknown}
 n - a scroll of immolation {unknown}
 s - a scroll of recharging {unknown}
 u - 3 scrolls of remove curse {unknown}
 w - 3 scrolls of fear {unknown}
 A - a scroll of brand weapon {unknown}
Potions
 b - a potion of mutation
 f - 2 potions of brilliance
 j - a potion of haste
 k - 3 potions of curing
 r - a potion of magic
Books
 c - a book of Changes

   Spells                             Type                      Level
   a - Beastly Appendage              Transmutation                1
   b - Sticks to Snakes               Transmutation                2
   c - Spider Form                    Transmutation/Poison         3
   d - Ice Form                       Ice/Transmutation            4
   e - Blade Hands                    Transmutation                5
Comestibles
 d - 7 bread rations
 p - a royal jelly
 v - a meat ration


   Skills:
 - Level 1.0 Fighting
 + Level 2.1 Dodging
 + Level 9.7 Unarmed Combat
 - Level 3.0 Spellcasting
 - Level 5.0 Transmutations
 - Level 2.3 Poison Magic


You had 8 spell levels left.
You knew the following spells:

 Your Spells              Type           Power        Failure   Level  Hunger
a - Beastly Appendage     Tmut           ###...       10%         1    #......
b - Sticks to Snakes      Tmut           ###.....     13%         2    ##.....
c - Spider Form           Tmut/Pois      ##........   32%         3    ###....


Dungeon Overview and Level Annotations

Branches:
Dungeon (6/15)             Temple (1/1) D:4

Altars:
Ashenzari
Dithmenos
Elyvilon
Hepliaklqana
Makhleb
Nemelex Xobeh
Okawaru
Qazlal
Ru
Sif Muna
Trog
Uskayaw
Xom
Zin
The Shining One

Shops:
D:4 =


Innate Abilities, Weirdness & Mutations

You are resistant to damage.
You can heal yourself by infusing magical energy.
You passively map the area around you.
You do not regenerate.
((Your skin changes colour to match your surroundings (Stealth+).))
Your body sometimes deteriorates upon taking damage.


Message History

Casting: Spider Form
Confirm with . or Enter, or press ? or * to list all spells.
You turn into a venomous arachnid creature.
Your +1 leather armour of cold resistance melds into your body.
You feel less resistant to cold. The wyvern zombie misses you.
The wyvern zombie barely misses you.
You bite the wyvern zombie!
The wyvern zombie is almost destroyed.
The wyvern zombie bites you!
* * * LOW HITPOINT WARNING * * *
You hit the wyvern zombie.
The wyvern zombie is almost destroyed.
The wyvern zombie barely misses you.
You hit the wyvern zombie but do no damage.
The wyvern zombie is almost destroyed.
The wyvern zombie barely misses you.
You barely miss the wyvern zombie.
The wyvern zombie is almost destroyed.
The wyvern zombie bites you!
You die...

..##.##.# ..##..#.#
..###.#.# ..# #.#.# ..#
#...# ..# ##..# ..# #..# ###
#..#########################
##>..†.....s)...............
≈*
#########Z#################
* #.....###g..######.. , , ,
* ,.......)..#K....##.#* * ,
, .#####.)....P.P.##.# ,
≈####...._...#.# ,**, ≈≈ ≈≈
#.#........#, , , ≈≈≈≈ ≈
#.#.....##.#, , * *
#)#.######.#,


You could see a wyvern zombie and a hobgoblin.

Vanquished Creatures
  Sigmund (D:3)
  Eustachio (D:5)
  2 black bears (D:6)
  A sky beast (D:6)
  A phantom (D:4)
  3 centaurs (D:6)
  5 big kobolds (Sewer)
  2 bullfrogs
  A scorpion (D:5)
  The ghost of Irenicus the Chopper, a weakling DDGl (D:6)
  2 howler monkeys
  2 crimson imps
  3 hounds
  A centaur skeleton (D:4)
  An orc wizard (D:6)
  4 bullfrog skeletons
  Ijyb (D:5)
  An iguana (D:5)
  6 worker ants
  A worker ant zombie (D:5)
  8 adders
  A howler monkey skeleton (D:4)
  A shadow imp (D:5)
  An adder skeleton (D:5)
  8 worms
  2 dart slugs (D:2)
  2 leopard geckos (D:1)
  4 orcs (D:6)
  5 giant cockroaches
  7 goblins
  16 hobgoblins
  4 jackals (D:5)
  3 quokkas
  8 ball pythons
  9 bats
  6 frilled lizards
  A jackal skeleton (D:6)
  17 kobolds
  A leopard gecko skeleton (D:5)
  A quokka skeleton (D:6)
  13 rats
158 creatures vanquished.

Vanquished Creatures (collateral kills)
  An ogre (D:6)
1 creature vanquished.

Grand Total: 159 creatures vanquished

Notes
Turn   | Place    | Note
-------+----------+-------------------------------------------
     0 | D:1      | Irenicus the Deep Dwarf Transmuter began the quest for the Orb.
     0 | D:1      | Reached XP level 1. HP: 16/16 MP: 3/3
    47 | D:1      | Found a sparkling altar of Nemelex Xobeh.
    78 | D:1      | Reached skill level 1 in Fighting
   158 | D:1      | Reached skill level 3 in Unarmed Combat
   173 | D:1      | Reached XP level 2. HP: 16/25 MP: 2/4
   557 | D:1      | Reached XP level 3. HP: 28/31 MP: 3/5
   781 | D:2      | Learned a level 2 spell: Sticks to Snakes
   900 | D:2      | Noticed a water elemental
   901 | D:2      | Found a stormy altar of Qazlal.
   904 | D:2      | Noticed a fire elemental
   904 | D:2      | Noticed an air elemental
   904 | D:2      | Noticed an earth elemental
  1332 | D:2      | Reached skill level 4 in Unarmed Combat
  1332 | D:2      | Reached XP level 4. HP: 19/38 MP: 4/6
  1667 | D:3      | Learned a level 3 spell: Spider Form
  1745 | D:3      | Noticed Sigmund
  1856 | D:3      | Killed Sigmund
  1856 | D:3      | Reached XP level 5. HP: 36/44 MP: 1/8
  2240 | D:3      | Reached XP level 6. HP: 36/51 MP: 3/10
  2662 | D:4      | Found a glowing drain.
  2690 | Sewer    | Entered a sewer
  2936 | Sewer    | Reached skill level 5 in Transmutations
  3003 | Sewer    | Reached skill level 1 in Poison Magic
  3085 | Sewer    | Gained mutation: Your body sometimes deteriorates upon taking damage. [potion of mutation]
  3085 | Sewer    | Gained mutation: Your skin changes colour to match your surroundings (Stealth+). [potion of mutation]
  3144 | Sewer    | Reached XP level 7. HP: 24/57 MP: 6/11
  3251 | Sewer    | Reached skill level 5 in Unarmed Combat
  3405 | D:4      | Found a staircase to the Ecumenical Temple.
  3442 | D:4      | Reached skill level 6 in Unarmed Combat
  3515 | D:4      | Found a sacrificial altar of Ru.
  3517 | D:4      | Found a shimmering altar of Xom.
  3520 | D:4      | Found a stormy altar of Qazlal.
  3595 | Temple   | Entered the Ecumenical Temple
  3636 | Temple   | Became a worshipper of Makhleb the Destroyer
  3688 | D:4      | Found Qeigh's Jewellery Shop.
  3911 | D:5      | Entered Level 5 of the Dungeon
  3911 | D:5      | Noticed Eustachio
  3972 | D:5      | Noticed Ijyb
  3984 | D:5      | Killed Eustachio
  3984 | D:5      | Reached XP level 8. HP: 29/64 MP: 0/10
  3991 | D:5      | Killed Ijyb
  4081 | D:5      | Reached skill level 7 in Unarmed Combat
  4528 | D:5      | Reached skill level 8 in Unarmed Combat
  4618 | D:6      | Noticed Irenicus's ghost (weakling DDGl)
  4641 | D:6      | HP: 3/64 [centaur/arrow (6)]
  4654 | D:6      | Reached * piety under Makhleb
  4748 | D:6      | Reached skill level 9 in Unarmed Combat
  4758 | D:6      | Killed Irenicus's ghost
  4775 | D:6      | Gained mutation: You passively map the area around you. [Deep Dwarf growth]
  4775 | D:6      | Reached XP level 9. HP: 9/70 MP: 1/11
  5079 | D:6      | Found a bloodstained altar of Trog.
  5228 | D:6      | Slain by a wyvern zombie

Skill      XL: |  1  2  3  4  5  6  7  8 |
---------------+-------------------------+-----
Fighting       | 1 |  1.0
Unarmed Combat | 3 4 6 9 |  9.7
Transmutations | 2 4 5 |  5.0
Spellcasting   | 2 3 |  3.0
Poison Magic   | 2 |  2.3
Dodging        | |  2.1

Action                   |  1- 3 |  4- 6 |  7- 9 || total
-------------------------+-------+-------+-------++-------
Melee: Unarmed           |   121 |   176 |   238 ||   535
       Headbutt          |     4 |     1 |     1 ||     6
       Kick              |    11 |     5 |       ||    16
       Punch             |     4 |       |       ||     4
 Cast: Beastly Appendage |    26 |    13 |     1 ||    40
       Sticks to Snakes  |       |     6 |    10 ||    16
       Spider Form       |       |    20 |    28 ||    48
 Abil: Heal Wounds       |     1 |       |     6 ||     7
Evoke: Wand              |       |       |     1 ||     1
  Use: Potion            |     1 |     6 |     5 ||    12
 Stab: Sleeping          |       |     1 |     2 ||     3
       Distracted        |       |       |     1 ||     1
  Eat: Chunk             |     2 |     9 |     7 ||    18
       Meat ration       |       |       |     1 ||     1
Armor: Robe              |    13 |       |       ||    13
       Leather armour    |     3 |    21 |    12 ||    36
       Skin              |       |     6 |     8 ||    14
Dodge: Dodged            |    55 |   109 |   181 ||   345
